Predators vs Bruins
Created - February 7, 2023 at 19:13
Goals
|
| Predators |
0 |
0 |
3 |
3 |
| Bruins |
0 |
1 |
1 |
2 |
|
Shots
|
| Predators |
7 |
3 |
13 |
23 |
| Bruins |
10 |
9 |
18 |
37 |
|
1st period
No Goal
Penalties :
Brendan Smith (Bos) for Roughing (Minor) at 8:31, Mikael Backlund (Bos) for Hooking (Minor) at 12:38, Nate Schmidt (Nas) for Roughing (Minor) at 15:38
2nd period
1. Bruins , Kevin Hayes 12 (Gabriel Landeskog 17, Torey Krug 9) at 7:29
Penalties :
Andy Miele (Nas) for Holding (Minor) at 1:29, Wojtek Wolski (Bos) for Interference (Minor) at 1:32, Alexander Edler (Nas) for Hooking (Minor) at 8:29, Zach Parise (Bos) for Roughing (Minor) at 12:54, Alexander Edler (Nas) for Boarding (Minor) at 16:52
3rd period
2. Predators , Alexander Ovechkin 11 (Mikael Granlund 25, Andy Miele 23) at 0:14
3. Predators , Mikael Granlund 21 (Andy Miele 24) at 2:26 (PP)
4. Predators , Nicolas Kerdiles 8 (Jack Eichel 10) at 9:45
5. Bruins , Zack Kassian 15 (Wojtek Wolski 22, Jonathan Toews 22) at 19:36
Penalties :
Victor Oreskovich (Bos) for Holding (Minor) at 2:24, Jonathan Toews (Bos) for Roughing (Minor) at 11:29, Andy Miele (Nas) for Slashing (Minor) at 11:48, Matt Read (Bos) for Interference (Minor) at 15:01
Goalie Stats
Kari Lehtonen (Nas), 35 saves from 37 shots - (0.946), W, 14-10-2, 60:00 minutes
Kevin Poulin (Bos), 20 saves from 23 shots - (0.870), L, 19-13-5, 59:48 minutes
Players Stats for Predators
Player Name G A P +/- PIM S H SB GA TA FO MP PP MP PK MP
------------------------------------------------------------------------------------
Alexander Edler 0 0 0 0 4 0 0 1 1 0 0/0 28:25 4:18 1:27
Alexander Ovechkin 1 0 1 1 0 4 0 0 0 0 0/0 22:57 4:34 3:23
Andy Miele 0 2 2 1 4 3 1 1 2 1 20/33 19:58 4:36 1:41
Jack Eichel 0 1 1 0 0 0 0 0 0 0 6/11 13:49 3:29 0:00
Jaden Schwartz 0 0 0 0 0 0 3 0 0 0 1/1 18:21 3:40 2:31
John Moore 0 0 0 0 0 0 0 1 1 1 0/0 21:17 4:02 2:34
Josh Morrissey 0 0 0 0 0 0 2 2 0 1 0/0 10:50 0:00 2:18
Justin Abdelkader 0 0 0 0 0 0 0 1 0 0 0/0 7:26 0:06 0:03
Justin Faulk 0 0 0 0 0 1 0 0 0 1 0/0 21:10 4:02 2:27
Mark Pysyk 0 0 0 0 0 0 1 1 0 0 0/0 8:55 0:03 1:37
Matt Stajan 0 0 0 -1 0 2 1 0 2 0 5/10 12:00 0:14 0:00
Mikael Granlund 1 1 2 1 0 5 0 2 0 0 5/10 23:28 4:37 3:23
Mike Brown 0 0 0 -1 0 1 1 0 0 0 0/1 10:40 0:00 0:00
Nate Schmidt 0 0 0 0 2 2 0 1 0 0 0/0 8:51 0:19 0:00
Nicolas Kerdiles 1 0 1 -1 0 3 0 0 0 0 0/0 11:27 0:00 0:00
Reilly Smith 0 0 0 0 0 0 4 0 1 0 0/2 13:57 3:40 0:00
Ryan Mcdonagh 0 0 0 0 0 2 1 2 2 0 0/0 29:58 3:59 3:52
Scott Laughton 0 0 0 0 0 0 1 0 0 0 1/2 6:31 0:00 0:00
Players Stats for Bruins
Player Name G A P +/- PIM S H SB GA TA FO MP PP MP PK MP
------------------------------------------------------------------------------------
Adam Pelech 0 0 0 -1 0 0 0 0 0 0 0/0 11:41 0:00 1:06
Alex Petrovic 0 0 0 -1 0 1 0 0 0 0 0/0 11:03 0:00 0:16
Andreas Athanasiou 0 0 0 0 0 2 0 0 0 0 0/0 5:54 0:00 0:00
Brendan Smith 0 0 0 0 2 2 3 2 0 0 0/0 28:41 3:40 4:18
Casey Cizikas 0 0 0 -1 0 0 1 0 0 1 3/8 11:25 0:19 0:48
Gabriel Landeskog 0 1 1 1 0 1 0 0 0 1 0/0 19:07 2:37 3:37
Jason Demers 0 0 0 0 0 4 1 1 1 3 0/0 29:36 3:40 5:24
Jonathan Toews 0 1 1 0 2 5 1 1 0 0 10/28 20:30 3:42 2:02
Kevin Hayes 1 0 1 1 0 4 1 0 1 0 8/15 14:12 2:37 0:00
Madison Bowey 0 0 0 1 0 0 1 1 0 1 0/0 19:21 2:39 2:40
Matt Read 0 0 0 -1 2 1 0 0 0 0 0/0 8:46 0:00 0:00
Mikael Backlund 0 0 0 0 2 3 1 0 0 1 3/4 9:06 0:19 1:11
Taylor Beck 0 0 0 0 0 0 0 0 0 0 0/0 6:33 0:00 0:27
Torey Krug 0 1 1 1 0 0 4 1 0 0 0/0 19:49 2:39 2:56
Victor Oreskovich 0 0 0 1 2 1 1 0 0 0 0/0 14:11 2:37 0:00
Wojtek Wolski 0 1 1 0 2 4 3 0 2 0 1/2 23:05 3:22 4:16
Zach Parise 0 0 0 -1 2 5 0 0 0 1 0/1 10:39 0:00 0:00
Zack Kassian 1 0 1 0 0 4 2 1 0 1 7/12 24:18 3:23 4:19
3 Stars
1 - Mikael Granlund (Nas)
2 - Kari Lehtonen (Nas)
3 - Alexander Ovechkin (Nas)
Power Play
Predators - 1 on 7 Attempt(s) - 14.29%
Bruins - 0 on 5 Attempt(s) - 0.00%
Penalty Kill
Predators - 5 on 5 Attempt(s) - 100.00%
- Score 0 goal in Penalty Kill
Bruins - 6 on 7 Attempt(s) - 85.71%
- Score 0 goal in Penalty Kill
Team Stat
Predators - Hits : 15 - Faceoff Wins : 38 - Blocked Shots : 12 - Penalty Minutes : 10
Bruins - Hits : 19 - Faceoff Wins : 32 - Blocked Shots : 7 - Penalty Minutes : 14
Official
Referees : Brad Meier and Chris Lee
Linesman : Andrew Smith and Jesse Marquis
Game Notes
11:21 of 3rd period - Bruins goal is going for a video replay. After video review, No Goal. The puck has been directed, batted or thrown into the net by an attacking player other than with a stick.
Finance
Level 1 -- Attendance: 5978 (99.63%) -- Ticket Income $597,800
Level 2 -- Attendance: 5000 (100.00%) -- Ticket Income $300,000
Level 3 -- Attendance: 2000 (100.00%) -- Ticket Income $70,000
Level 4 -- Attendance: 3982 (99.55%) -- Ticket Income $99,550
Luxury Box -- Attendance: 1000 (100.00%) -- Ticket Income $200,000
Game was played at the TD Garden.
Total Attendance: 17960 (99.78%)
Total Ticket Income: $1,267,350
Other Income: $190,102
Total Income: $1,457,452
Predators
5 vs 5 Forward
Center Left Wing Right Wing Time % Phy DF OF
1 Andy Miele Alexander Ovechkin Mikael Granlund 40 1 2 2
2 Jack Eichel Jaden Schwartz Reilly Smith 30 1 2 2
3 Matt Stajan Nicolas Kerdiles Mike Brown 20 1 2 2
4 Scott Laughton Justin Abdelkader Mark Pysyk 10 1 2 2
5 vs 5 Defense
Defense Defense Time % Phy DF OF
1 Ryan Mcdonagh Alexander Edler 40 1 2 2
2 John Moore Justin Faulk 30 1 2 2
3 Nate Schmidt Josh Morrissey 20 1 2 2
4 Ryan Mcdonagh Alexander Edler 10 1 2 2
PowerPlay Forward
Center Left Wing Right Wing Time % Phy DF OF
1 Andy Miele Alexander Ovechkin Mikael Granlund 60 1 1 3
2 Jack Eichel Jaden Schwartz Reilly Smith 40 1 1 3
PowerPlay Defense
Defense Defense Time % Phy DF OF
1 Ryan Mcdonagh Alexander Edler 60 1 2 2
2 John Moore Justin Faulk 40 1 2 2
Penalty Kill 4 Players Forward
Center Wing Time % Phy DF OF
1 Mikael Granlund Alexander Ovechkin 60 1 2 2
2 Jaden Schwartz Andy Miele 40 1 2 2
Penalty Kill 4 Players Defense
Defense Defense Time % Phy DF OF
1 Ryan Mcdonagh Alexander Edler 60 1 3 1
2 John Moore Justin Faulk 40 1 3 1
Penalty Kill - 3 Players Forward
Forward Time % Phy DF OF
1 Mikael Granlund 60 1 2 2
2 Alexander Ovechkin 40 1 2 2
Penalty Kill - 3 Players Defense
Defense Defense Time % Phy DF OF
1 Ryan Mcdonagh Alexander Edler 60 1 3 1
2 John Moore Justin Faulk 40 1 3 1
4 vs 4 Forward
Center Wing Time % Phy DF OF
1 Mikael Granlund Alexander Ovechkin 60 1 2 2
2 Jaden Schwartz Andy Miele 40 1 2 2
4 vs 4 Defense
Defense Defense Time % Phy DF OF
1 Ryan Mcdonagh Alexander Edler 60 1 2 2
2 John Moore Justin Faulk 40 1 2 2
Last Minutes Offensive
Center Left Wing Right Wing Defense Defense
Andy Miele Alexander Ovechkin Mikael Granlund Ryan Mcdonagh Alexander Edler
Last Minutes Defensive
Center Left Wing Right Wing Defense Defense
Andy Miele Alexander Ovechkin Mikael Granlund Ryan Mcdonagh Alexander Edler
Goaltenders
Starting : Kari Lehtonen
Backup : Jaroslav Halak
Extra Forwards
Normal : Matt Stajan, Nicolas Kerdiles, Justin Abdelkader - PP : Matt Stajan, Justin Abdelkader - PK : Mark Pysyk
Extra Defensemen
Normal : Nate Schmidt, Josh Morrissey, John Moore - PP : Nate Schmidt - PK : Josh Morrissey, John Moore
Penalty Shots
Mikael Granlund, Alexander Ovechkin, Jaden Schwartz, Andy Miele, Reilly Smith
Scratches
None
Bruins
5 vs 5 Forward
Center Left Wing Right Wing Time % Phy DF OF
1 Jonathan Toews Wojtek Wolski Zack Kassian 40 1 2 2
2 Kevin Hayes Gabriel Landeskog Victor Oreskovich 30 1 2 2
3 Casey Cizikas Zach Parise Matt Read 20 1 2 2
4 Mikael Backlund Taylor Beck Andreas Athanasiou 10 1 2 2
5 vs 5 Defense
Defense Defense Time % Phy DF OF
1 Jason Demers Brendan Smith 40 1 2 2
2 Torey Krug Madison Bowey 30 1 2 2
3 Alex Petrovic Adam Pelech 20 1 2 2
4 Jason Demers Brendan Smith 10 1 2 2
PowerPlay Forward
Center Left Wing Right Wing Time % Phy DF OF
1 Jonathan Toews Wojtek Wolski Zack Kassian 60 1 2 2
2 Kevin Hayes Gabriel Landeskog Victor Oreskovich 40 1 2 2
PowerPlay Defense
Defense Defense Time % Phy DF OF
1 Jason Demers Brendan Smith 60 1 2 2
2 Torey Krug Madison Bowey 40 1 2 2
Penalty Kill 4 Players Forward
Center Wing Time % Phy DF OF
1 Zack Kassian Wojtek Wolski 60 1 2 2
2 Gabriel Landeskog Jonathan Toews 40 1 2 2
Penalty Kill 4 Players Defense
Defense Defense Time % Phy DF OF
1 Jason Demers Brendan Smith 60 1 2 2
2 Torey Krug Madison Bowey 40 1 2 2
Penalty Kill - 3 Players Forward
Forward Time % Phy DF OF
1 Zack Kassian 60 1 2 2
2 Wojtek Wolski 40 1 2 2
Penalty Kill - 3 Players Defense
Defense Defense Time % Phy DF OF
1 Jason Demers Brendan Smith 60 1 2 2
2 Torey Krug Madison Bowey 40 1 2 2
4 vs 4 Forward
Center Wing Time % Phy DF OF
1 Zack Kassian Wojtek Wolski 60 1 2 2
2 Gabriel Landeskog Jonathan Toews 40 1 2 2
4 vs 4 Defense
Defense Defense Time % Phy DF OF
1 Jason Demers Brendan Smith 60 1 2 2
2 Torey Krug Madison Bowey 40 1 2 2
Last Minutes Offensive
Center Left Wing Right Wing Defense Defense
Jonathan Toews Wojtek Wolski Zack Kassian Jason Demers Brendan Smith
Last Minutes Defensive
Center Left Wing Right Wing Defense Defense
Jonathan Toews Wojtek Wolski Zack Kassian Jason Demers Brendan Smith
Goaltenders
Starting : Kevin Poulin
Backup : Keith Kinkaid
Extra Forwards
Normal : Zach Parise, Casey Cizikas, Mikael Backlund - PP : Zach Parise, Casey Cizikas - PK : Mikael Backlund
Extra Defensemen
Normal : Alex Petrovic, Adam Pelech, Torey Krug - PP : Alex Petrovic - PK : Adam Pelech, Torey Krug
Penalty Shots
Zack Kassian, Wojtek Wolski, Gabriel Landeskog, Jonathan Toews, Zach Parise
Scratches
Josh Manson (Sprained Right Ankle Injury)
% Time on Ice - Predators
Lines # - Real PCT - Wanted PCT - Time Play
Normal Forward
1 - 33% - 40% - 13:49
2 - 25% - 30% - 10:22
3 - 26% - 20% - 10:40
4 - 16% - 10% - 6:31
Normal Defense
1 - 45% - 40% - 18:39
2 - 32% - 30% - 13:12
3 - 19% - 20% - 8:02
4 - 4% - 10% - 1:29
PP Forward
1 - 56% - 60% - 4:40
2 - 44% - 40% - 3:40
PP Defense
1 - 52% - 60% - 4:18
2 - 48% - 40% - 4:02
PK Forward
1 - 75% - 60% - 4:45
2 - 25% - 40% - 1:34
PK Defense
1 - 61% - 60% - 3:52
2 - 39% - 40% - 2:27
PK3 Forward
1 - 0% - 60%
2 - 0% - 40%
PK3 Defense
1 - 0% - 60%
2 - 0% - 40%
44 Forward
1 - 76% - 60% - 2:44
2 - 24% - 40% - 0:52
44 Defense
1 - 59% - 60% - 2:07
2 - 41% - 40% - 1:29
Last Minute Offensive - 0:00
Last Minute Defensive - 0:23
Total
Forward - 60:00
Defense - 60:00
|
% Time on Ice - Bruins
Lines # - Real PCT - Wanted PCT - Time Play
Normal Forward
1 - 37% - 40% - 15:17
2 - 28% - 30% - 11:35
3 - 21% - 20% - 8:36
4 - 14% - 10% - 5:54
Normal Defense
1 - 43% - 40% - 17:36
2 - 30% - 30% - 12:31
3 - 25% - 20% - 10:12
4 - 3% - 10% - 1:03
PP Forward
1 - 59% - 60% - 3:42
2 - 41% - 40% - 2:37
PP Defense
1 - 58% - 60% - 3:40
2 - 42% - 40% - 2:39
PK Forward
1 - 76% - 60% - 6:18
2 - 24% - 40% - 2:02
PK Defense
1 - 68% - 60% - 5:40
2 - 32% - 40% - 2:40
PK3 Forward
1 - 0% - 60%
2 - 0% - 40%
PK3 Defense
1 - 0% - 60%
2 - 0% - 40%
44 Forward
1 - 81% - 60% - 2:55
2 - 19% - 40% - 0:41
44 Defense
1 - 58% - 60% - 2:05
2 - 42% - 40% - 1:31
Last Minute Offensive - 0:23
Last Minute Defensive - 0:00
Total
Forward - 60:00
Defense - 60:00
|
Play-by-Play
1st period
0:01 of 1st period - Andy Miele wins face-off versus Jonathan Toews in neutral zone.
0:27 of 1st period - Jaden Schwartz is hit by Jason Demers and loses puck.
0:36 of 1st period - Snap shot by Jaden Schwartz.
0:36 of 1st period - Shot Misses the Net.
0:56 of 1st period - Wrist shot by Scott Laughton.
0:56 of 1st period - Shot Misses the Net.
0:58 of 1st period - Slapshot by Nate Schmidt.
0:58 of 1st period - Stopped by Kevin Poulin without a rebound.
0:59 of 1st period - Mikael Backlund wins face-off versus Mike Brown in Bruins zone.
1:35 of 1st period - Snap shot by Alexander Ovechkin.
1:35 of 1st period - Stopped by Kevin Poulin without a rebound.
1:36 of 1st period - Kevin Hayes wins face-off versus Reilly Smith in Bruins zone.
2:39 of 1st period - Wrist shot by Wojtek Wolski.
2:39 of 1st period - Deflect By Mark Pysyk.
2:39 of 1st period - Shot Misses the Net.
2:39 of 1st period - Puck is out of play.
2:40 of 1st period - Jack Eichel wins face-off versus Jonathan Toews in Predators zone.
2:47 of 1st period - Snap shot by Reilly Smith.
2:47 of 1st period - Shot Blocked by Jason Demers.
3:18 of 1st period - Snap shot by Gabriel Landeskog.
3:18 of 1st period - Shot Blocked by John Moore.
3:32 of 1st period - Wrist shot by Casey Cizikas.
3:32 of 1st period - Shot Misses the Net.
3:34 of 1st period - Slapshot by Jason Demers.
3:34 of 1st period - Stopped by Kari Lehtonen with a rebound.
3:36 of 1st period - Slapshot by Brendan Smith.
3:36 of 1st period - Shot Blocked by Ryan Mcdonagh.
3:38 of 1st period - Slapshot by Matt Read.
3:38 of 1st period - Stopped by Kari Lehtonen with a rebound.
3:40 of 1st period - Slapshot by Jason Demers.
3:40 of 1st period - Stopped by Kari Lehtonen without a rebound.
3:41 of 1st period - Andy Miele wins face-off versus Jonathan Toews in Predators zone.
3:41 of 1st period - Andy Miele is hit by Wojtek Wolski.
4:18 of 1st period - Wrist shot by Andreas Athanasiou.
4:18 of 1st period - Stopped by Kari Lehtonen without a rebound.
4:19 of 1st period - Kevin Hayes wins face-off versus Matt Stajan in Predators zone.
4:37 of 1st period - Nicolas Kerdiles is hit by Kevin Hayes.
4:57 of 1st period - Wrist shot by Wojtek Wolski.
4:57 of 1st period - Stopped by Kari Lehtonen without a rebound.
4:58 of 1st period - Casey Cizikas wins face-off versus Jack Eichel in Predators zone.
6:18 of 1st period - Snap shot by Nicolas Kerdiles.
6:18 of 1st period - Stopped by Kevin Poulin without a rebound.
6:19 of 1st period - Zack Kassian wins face-off versus Andy Miele in Bruins zone.
6:46 of 1st period - Kevin Hayes is hit by Jaden Schwartz and loses puck.
7:11 of 1st period - Slapshot by Zach Parise.
7:11 of 1st period - Stopped by Kari Lehtonen without a rebound.
7:12 of 1st period - Matt Stajan wins face-off versus Jonathan Toews in Predators zone.
7:17 of 1st period - Snap shot by Justin Faulk.
7:17 of 1st period - Stopped by Kevin Poulin with a rebound.
7:37 of 1st period - Slapshot by Nicolas Kerdiles.
7:37 of 1st period - Shot Misses the Net.
7:39 of 1st period - Snap shot by Matt Stajan.
7:39 of 1st period - Stopped by Kevin Poulin without a rebound.
7:40 of 1st period - Mikael Granlund wins face-off versus Casey Cizikas in Bruins zone.
7:45 of 1st period - Wrist shot by Andy Miele.
7:45 of 1st period - Stopped by Kevin Poulin without a rebound.
7:46 of 1st period - Andy Miele wins face-off versus Casey Cizikas in Bruins zone.
7:49 of 1st period - Slapshot by Mikael Granlund.
7:49 of 1st period - Shot Misses the Net.
7:59 of 1st period - Mikael Granlund is hit by Casey Cizikas and loses puck.
8:31 of 1st period - Minor Penalty to Brendan Smith for Roughing.
8:32 of 1st period - Zack Kassian wins face-off versus Andy Miele in Bruins zone.
8:58 of 1st period - Wojtek Wolski is hit by Jaden Schwartz.
10:20 of 1st period - Snap shot by Torey Krug.
10:20 of 1st period - Deflect By Mikael Backlund.
10:20 of 1st period - Stopped by Kari Lehtonen without a rebound.
10:21 of 1st period - Mikael Backlund wins face-off versus Jack Eichel in Predators zone.
10:31 of 1st period - Penalty to Brendan Smith is over, Brendan Smith is back on ice.
10:56 of 1st period - John Moore is hit by Brendan Smith and loses puck.
11:25 of 1st period - Snap shot by Zach Parise.
11:25 of 1st period - Stopped by Kari Lehtonen without a rebound.
11:26 of 1st period - Andy Miele wins face-off versus Jonathan Toews in Predators zone.
11:41 of 1st period - Alexander Edler is hit by Wojtek Wolski and loses puck.
12:38 of 1st period - Minor Penalty to Mikael Backlund for Hooking.
12:39 of 1st period - Wojtek Wolski wins face-off versus Andy Miele in Bruins zone.
12:48 of 1st period - Snap shot by Wojtek Wolski.
12:48 of 1st period - Shot Misses the Net.
13:10 of 1st period - Jason Demers is hit by Reilly Smith and loses puck.
13:23 of 1st period - Madison Bowey is hit by Reilly Smith and loses puck.
14:38 of 1st period - Penalty to Mikael Backlund is over, Mikael Backlund is back on ice.
14:41 of 1st period - Snap shot by Nicolas Kerdiles.
14:41 of 1st period - Shot Misses the Net.
14:43 of 1st period - Snap shot by Mike Brown.
14:43 of 1st period - Stopped by Kevin Poulin without a rebound.
14:44 of 1st period - Mikael Backlund wins face-off versus Matt Stajan in Bruins zone.
15:10 of 1st period - Mark Pysyk is hit by Torey Krug and loses puck.
15:31 of 1st period - Wrist shot by Jack Eichel.
15:31 of 1st period - Shot Misses the Net.
15:38 of 1st period - Minor Penalty to Nate Schmidt for Roughing.
15:39 of 1st period - Mikael Granlund wins face-off versus Jonathan Toews in Predators zone.
16:31 of 1st period - Justin Faulk is hit by Torey Krug and loses puck.
17:38 of 1st period - Penalty to Nate Schmidt is over, Nate Schmidt is back on ice.
18:18 of 1st period - Wrist shot by Mikael Backlund.
18:18 of 1st period - Stopped by Kari Lehtonen without a rebound.
18:19 of 1st period - Jack Eichel wins face-off versus Mikael Backlund in Predators zone.
18:28 of 1st period - Wrist shot by Jack Eichel.
18:28 of 1st period - Shot Misses the Net.
18:32 of 1st period - Wrist shot by Jaden Schwartz.
18:32 of 1st period - Deflect By Madison Bowey.
18:32 of 1st period - Shot Blocked by Torey Krug.
18:32 of 1st period - Puck is out of play.
18:33 of 1st period - Andy Miele wins face-off versus Jonathan Toews in Bruins zone.
19:31 of 1st period - Wrist shot by Zach Parise.
19:31 of 1st period - Stopped by Kari Lehtonen with a rebound.
Goals for this period are 0 for Predators vs 0 for Bruins.
Shots for this period are 7 for Predators vs 10 for Bruins.
2nd period
0:01 of 2nd period - Jonathan Toews wins face-off versus Andy Miele in neutral zone.
0:16 of 2nd period - Wrist shot by Jonathan Toews.
0:16 of 2nd period - Shot Misses the Net.
0:26 of 2nd period - Jason Demers is hit by Reilly Smith and loses puck.
1:11 of 2nd period - Slapshot by Gabriel Landeskog.
1:11 of 2nd period - Stopped by Kari Lehtonen with a rebound.
1:13 of 2nd period - Backhand shot by Brendan Smith.
1:13 of 2nd period - Stopped by Kari Lehtonen with a rebound.
1:19 of 2nd period - Wrist shot by Victor Oreskovich.
1:19 of 2nd period - Shot Misses the Net.
1:25 of 2nd period - Wrist shot by Kevin Hayes.
1:25 of 2nd period - Stopped by Kari Lehtonen without a rebound.
1:26 of 2nd period - Mikael Granlund wins face-off versus Jonathan Toews in Predators zone.
1:26 of 2nd period - Mikael Granlund is hit by Torey Krug.
1:29 of 2nd period - Minor Penalty to Andy Miele for Holding.
1:30 of 2nd period - Jonathan Toews wins face-off versus Mikael Granlund in Predators zone.
1:30 of 2nd period - Snap shot by Zack Kassian.
1:30 of 2nd period - Shot Misses the Net.
1:32 of 2nd period - Minor Penalty to Wojtek Wolski for Interference.
1:33 of 2nd period - Zack Kassian wins face-off versus Mikael Granlund in Bruins zone.
1:51 of 2nd period - Off-side.
1:52 of 2nd period - Mikael Granlund wins face-off versus Zack Kassian in neutral zone.
2:04 of 2nd period - Wrist shot by Alexander Ovechkin.
2:04 of 2nd period - Shot Blocked by Brendan Smith.
3:29 of 2nd period - Penalty to Andy Miele is over, Andy Miele is back on ice.
3:32 of 2nd period - Penalty to Wojtek Wolski is over, Wojtek Wolski is back on ice.
3:41 of 2nd period - Snap shot by Adam Pelech.
3:41 of 2nd period - Shot Blocked by Justin Abdelkader.
3:53 of 2nd period - Snap shot by Wojtek Wolski.
3:53 of 2nd period - Shot Misses the Net.
4:22 of 2nd period - Slapshot by Zach Parise.
4:22 of 2nd period - Stopped by Kari Lehtonen without a rebound.
4:23 of 2nd period - Kevin Hayes wins face-off versus Matt Stajan in Predators zone.
4:56 of 2nd period - Reilly Smith is hit by Brendan Smith and loses puck.
5:04 of 2nd period - Icing by Josh Morrissey.
5:05 of 2nd period - Jonathan Toews wins face-off versus Jack Eichel in Predators zone.
5:36 of 2nd period - Slapshot by Gabriel Landeskog.
5:36 of 2nd period - Shot Blocked by Josh Morrissey.
5:38 of 2nd period - Wrist shot by Victor Oreskovich.
5:38 of 2nd period - Shot Misses the Net.
5:40 of 2nd period - Wrist shot by Kevin Hayes.
5:40 of 2nd period - Stopped by Kari Lehtonen without a rebound.
5:41 of 2nd period - Andy Miele wins face-off versus Jonathan Toews in Predators zone.
6:53 of 2nd period - Snap shot by Alexander Ovechkin.
6:53 of 2nd period - Shot Blocked by Jonathan Toews.
6:55 of 2nd period - Snap shot by Alexander Edler.
6:55 of 2nd period - Shot Misses the Net.
6:57 of 2nd period - Snap shot by Andy Miele.
6:57 of 2nd period - Stopped by Kevin Poulin with a rebound.
7:15 of 2nd period - Snap shot by Jack Eichel.
7:15 of 2nd period - Shot Misses the Net.
7:29 of 2nd period - Wrist shot by Kevin Hayes.
7:29 of 2nd period - Goal by Kevin Hayes - Predators : 0 - Bruins : 1.
7:30 of 2nd period - Jonathan Toews wins face-off versus Andy Miele in neutral zone.
7:45 of 2nd period - Snap shot by Zack Kassian.
7:45 of 2nd period - Deflect By Jonathan Toews.
7:45 of 2nd period - Shot Misses the Net.
7:45 of 2nd period - Puck is out of play.
7:46 of 2nd period - Kevin Hayes wins face-off versus Reilly Smith in Predators zone.
8:29 of 2nd period - Minor Penalty to Alexander Edler for Hooking.
8:30 of 2nd period - Jonathan Toews wins face-off versus Mikael Granlund in Predators zone.
8:35 of 2nd period - Wrist shot by Zack Kassian.
8:35 of 2nd period - Stopped by Kari Lehtonen with a rebound.
8:47 of 2nd period - Snap shot by Jonathan Toews.
8:47 of 2nd period - Stopped by Kari Lehtonen without a rebound.
8:48 of 2nd period - Kevin Hayes wins face-off versus Mikael Granlund in Predators zone.
9:05 of 2nd period - Wrist shot by Kevin Hayes.
9:05 of 2nd period - Shot Misses the Net.
10:29 of 2nd period - Penalty to Alexander Edler is over, Alexander Edler is back on ice.
10:58 of 2nd period - Snap shot by Jaden Schwartz.
10:58 of 2nd period - Shot Misses the Net.
11:26 of 2nd period - Zach Parise is hit by Matt Stajan and loses puck.
11:39 of 2nd period - Jonathan Toews is hit by Mark Pysyk.
12:15 of 2nd period - Mikael Granlund is hit by Mikael Backlund and loses puck.
12:30 of 2nd period - Wrist shot by Mike Brown.
12:30 of 2nd period - Shot Misses the Net.
12:32 of 2nd period - Snap shot by Nicolas Kerdiles.
12:32 of 2nd period - Stopped by Kevin Poulin without a rebound.
12:33 of 2nd period - Casey Cizikas wins face-off versus Matt Stajan in Bruins zone.
12:40 of 2nd period - Backhand shot by Zach Parise.
12:40 of 2nd period - Shot Misses the Net.
12:54 of 2nd period - Minor Penalty to Zach Parise for Roughing.
12:55 of 2nd period - Andy Miele wins face-off versus Zack Kassian in Bruins zone.
13:28 of 2nd period - Jason Demers is hit by Jaden Schwartz and loses puck.
14:29 of 2nd period - Brendan Smith is hit by Reilly Smith and loses puck.
14:54 of 2nd period - Penalty to Zach Parise is over, Zach Parise is back on ice.
15:40 of 2nd period - Matt Stajan is hit by Zack Kassian and loses puck.
16:00 of 2nd period - Mikael Granlund is hit by Torey Krug and loses puck.
16:26 of 2nd period - Icing by Victor Oreskovich.
16:27 of 2nd period - Kevin Hayes wins face-off versus Matt Stajan in Bruins zone.
16:40 of 2nd period - Wrist shot by Casey Cizikas.
16:40 of 2nd period - Deflect By Zach Parise.
16:40 of 2nd period - Shot Blocked by Nate Schmidt.
16:40 of 2nd period - Puck is out of play.
16:41 of 2nd period - Casey Cizikas wins face-off versus Andy Miele in Predators zone.
16:50 of 2nd period - Snap shot by Zach Parise.
16:50 of 2nd period - Stopped by Kari Lehtonen with a rebound.
16:52 of 2nd period - Minor Penalty to Alexander Edler for Boarding.
16:53 of 2nd period - Mikael Granlund wins face-off versus Jonathan Toews in Predators zone.
17:28 of 2nd period - Slapshot by Madison Bowey.
17:28 of 2nd period - Shot Blocked by Josh Morrissey.
17:30 of 2nd period - Backhand shot by Gabriel Landeskog.
17:30 of 2nd period - Shot Misses the Net.
18:44 of 2nd period - Torey Krug is hit by Josh Morrissey and loses puck.
18:52 of 2nd period - Penalty to Alexander Edler is over, Alexander Edler is back on ice.
19:17 of 2nd period - Snap shot by Mark Pysyk.
19:17 of 2nd period - Shot Misses the Net.
19:19 of 2nd period - Slapshot by Ryan Mcdonagh.
19:19 of 2nd period - Shot Misses the Net.
19:21 of 2nd period - Snap shot by Jaden Schwartz.
19:21 of 2nd period - Deflect By Alexander Edler.
19:21 of 2nd period - Shot Misses the Net.
19:21 of 2nd period - Puck is out of play.
19:22 of 2nd period - Andy Miele wins face-off versus Casey Cizikas in Bruins zone.
19:31 of 2nd period - Snap shot by Mikael Granlund.
19:31 of 2nd period - Stopped by Kevin Poulin with a rebound.
19:49 of 2nd period - Justin Faulk is hit by Brendan Smith and loses puck.
Goals for this period are 0 for Predators vs 1 for Bruins.
Shots for this period are 3 for Predators vs 9 for Bruins.
3rd period
0:01 of 3rd period - Andy Miele wins face-off versus Wojtek Wolski in neutral zone.
0:12 of 3rd period - Snap shot by Alexander Ovechkin.
0:12 of 3rd period - Shot Hit the Post.
0:14 of 3rd period - Snap shot by Mikael Granlund.
0:14 of 3rd period - Deflect By Alexander Ovechkin.
0:14 of 3rd period - Goal by Alexander Ovechkin - Predators : 1 - Bruins : 1.
0:15 of 3rd period - Jonathan Toews wins face-off versus Andy Miele in neutral zone.
0:20 of 3rd period - Wrist shot by Jonathan Toews.
0:20 of 3rd period - Stopped by Kari Lehtonen with a rebound.
0:54 of 3rd period - Off-side.
0:55 of 3rd period - Andy Miele wins face-off versus Jonathan Toews in neutral zone.
1:20 of 3rd period - Brendan Smith is hit by Mike Brown and loses puck.
1:47 of 3rd period - Wrist shot by Zack Kassian.
1:47 of 3rd period - Stopped by Kari Lehtonen without a rebound.
1:48 of 3rd period - Andy Miele wins face-off versus Kevin Hayes in Predators zone.
1:59 of 3rd period - Backhand shot by Mikael Granlund.
1:59 of 3rd period - Stopped by Kevin Poulin with a rebound.
2:01 of 3rd period - Snap shot by Ryan Mcdonagh.
2:01 of 3rd period - Deflect By Alexander Ovechkin.
2:01 of 3rd period - Shot Misses the Net.
2:01 of 3rd period - Puck is out of play.
2:02 of 3rd period - Kevin Hayes wins face-off versus Andy Miele in Bruins zone.
2:02 of 3rd period - Kevin Hayes is hit by Ryan Mcdonagh.
2:24 of 3rd period - Minor Penalty to Victor Oreskovich for Holding.
2:25 of 3rd period - Andy Miele wins face-off versus Zack Kassian in Bruins zone.
2:26 of 3rd period - Wrist shot by Mikael Granlund.
2:26 of 3rd period - Goal by Mikael Granlund - Predators : 2 - Bruins : 1.
2:27 of 3rd period - Andy Miele wins face-off versus Jonathan Toews in neutral zone.
2:36 of 3rd period - Snap shot by Andy Miele.
2:36 of 3rd period - Shot Misses the Net.
2:42 of 3rd period - Wrist shot by Jonathan Toews.
2:42 of 3rd period - Shot Blocked by Mikael Granlund.
2:44 of 3rd period - Wrist shot by Zack Kassian.
2:44 of 3rd period - Shot Blocked by Ryan Mcdonagh.
3:57 of 3rd period - Icing by John Moore.
3:58 of 3rd period - Andy Miele wins face-off versus Casey Cizikas in Predators zone.
4:14 of 3rd period - Slapshot by Alexander Ovechkin.
4:14 of 3rd period - Shot Blocked by Brendan Smith.
4:30 of 3rd period - Wrist shot by Jaden Schwartz.
4:30 of 3rd period - Shot Misses the Net.
4:33 of 3rd period - Icing by Brendan Smith.
4:34 of 3rd period - Andy Miele wins face-off versus Jonathan Toews in Bruins zone.
4:39 of 3rd period - Snap shot by Alexander Ovechkin.
4:39 of 3rd period - Stopped by Kevin Poulin without a rebound.
4:40 of 3rd period - Andy Miele wins face-off versus Jonathan Toews in Bruins zone.
4:41 of 3rd period - Snap shot by Mikael Granlund.
4:41 of 3rd period - Stopped by Kevin Poulin with a rebound.
4:43 of 3rd period - Snap shot by Alexander Edler.
4:43 of 3rd period - Shot Blocked by Zack Kassian.
4:45 of 3rd period - Snap shot by Andy Miele.
4:45 of 3rd period - Stopped by Kevin Poulin with a rebound.
4:53 of 3rd period - Slapshot by Mikael Granlund.
4:53 of 3rd period - Stopped by Kevin Poulin with a rebound.
4:55 of 3rd period - Wrist shot by Alexander Ovechkin.
4:55 of 3rd period - Deflect By Andy Miele.
4:55 of 3rd period - Shot Hit the Post.
4:55 of 3rd period - Puck is out of play.
4:56 of 3rd period - Kevin Hayes wins face-off versus Jack Eichel in Bruins zone.
5:05 of 3rd period - Snap shot by Victor Oreskovich.
5:05 of 3rd period - Shot Misses the Net.
5:09 of 3rd period - Wrist shot by Kevin Hayes.
5:09 of 3rd period - Stopped by Kari Lehtonen without a rebound.
5:10 of 3rd period - Jonathan Toews wins face-off versus Andy Miele in Predators zone.
5:17 of 3rd period - Wrist shot by Zack Kassian.
5:17 of 3rd period - Shot Misses the Net.
5:19 of 3rd period - Wrist shot by Zack Kassian.
5:19 of 3rd period - Shot Misses the Net.
5:34 of 3rd period - Icing by Alexander Edler.
5:35 of 3rd period - Jack Eichel wins face-off versus Kevin Hayes in Predators zone.
5:51 of 3rd period - Icing by Jaden Schwartz.
5:52 of 3rd period - Jack Eichel wins face-off versus Jonathan Toews in Predators zone.
6:03 of 3rd period - Slapshot by Wojtek Wolski.
6:03 of 3rd period - Stopped by Kari Lehtonen without a rebound.
6:04 of 3rd period - Jonathan Toews wins face-off versus Andy Miele in Predators zone.
6:15 of 3rd period - Snap shot by Wojtek Wolski.
6:15 of 3rd period - Shot Misses the Net.
6:31 of 3rd period - Zack Kassian is hit by Josh Morrissey and loses puck.
6:40 of 3rd period - Wrist shot by Matt Stajan.
6:40 of 3rd period - Stopped by Kevin Poulin with a rebound.
7:17 of 3rd period - Mark Pysyk is hit by Madison Bowey and loses puck.
7:34 of 3rd period - Matt Read is hit by Andy Miele.
7:42 of 3rd period - Slapshot by Alexander Ovechkin.
7:42 of 3rd period - Stopped by Kevin Poulin with a rebound.
7:56 of 3rd period - Wrist shot by Nicolas Kerdiles.
7:56 of 3rd period - Shot Misses the Net.
7:58 of 3rd period - Slapshot by Nate Schmidt.
7:58 of 3rd period - Stopped by Kevin Poulin without a rebound.
7:59 of 3rd period - Matt Stajan wins face-off versus Kevin Hayes in Bruins zone.
8:10 of 3rd period - Wrist shot by Gabriel Landeskog.
8:10 of 3rd period - Shot Misses the Net.
8:12 of 3rd period - Snap shot by Kevin Hayes.
8:12 of 3rd period - Shot Misses the Net.
8:14 of 3rd period - Snap shot by Gabriel Landeskog.
8:14 of 3rd period - Shot Misses the Net.
8:16 of 3rd period - Slapshot by Alex Petrovic.
8:16 of 3rd period - Stopped by Kari Lehtonen with a rebound.
8:28 of 3rd period - Icing by Andy Miele.
8:29 of 3rd period - Andy Miele wins face-off versus Jonathan Toews in Predators zone.
9:08 of 3rd period - Slapshot by Torey Krug.
9:08 of 3rd period - Shot Blocked by Mikael Granlund.
9:10 of 3rd period - Snap shot by Zack Kassian.
9:10 of 3rd period - Shot Misses the Net.
9:12 of 3rd period - Slapshot by Zack Kassian.
9:12 of 3rd period - Deflect By Jonathan Toews.
9:12 of 3rd period - Stopped by Kari Lehtonen with a rebound.
9:14 of 3rd period - Slapshot by Torey Krug.
9:14 of 3rd period - Deflect By Wojtek Wolski.
9:14 of 3rd period - Shot Blocked by Alexander Edler.
9:14 of 3rd period - Puck is out of play.
9:15 of 3rd period - Jaden Schwartz wins face-off versus Kevin Hayes in Predators zone.
9:45 of 3rd period - Snap shot by Nicolas Kerdiles.
9:45 of 3rd period - Goal by Nicolas Kerdiles - Predators : 3 - Bruins : 1.
9:46 of 3rd period - Jonathan Toews wins face-off versus Andy Miele in neutral zone.
9:59 of 3rd period - Alexander Edler is hit by Wojtek Wolski and loses puck.
10:14 of 3rd period - Snap shot by Ryan Mcdonagh.
10:14 of 3rd period - Deflect By Gabriel Landeskog.
10:14 of 3rd period - Stopped by Kevin Poulin without a rebound.
10:15 of 3rd period - Jack Eichel wins face-off versus Kevin Hayes in Bruins zone.
10:18 of 3rd period - Snap shot by Jaden Schwartz.
10:18 of 3rd period - Shot Misses the Net.
10:24 of 3rd period - Backhand shot by Reilly Smith.
10:24 of 3rd period - Shot Blocked by Madison Bowey.
10:38 of 3rd period - Slapshot by Gabriel Landeskog.
10:38 of 3rd period - Shot Misses the Net.
10:40 of 3rd period - Slapshot by Jason Demers.
10:40 of 3rd period - Stopped by Kari Lehtonen without a rebound.
10:41 of 3rd period - Zack Kassian wins face-off versus Andy Miele in Predators zone.
11:17 of 3rd period - Slapshot by Mikael Backlund.
11:17 of 3rd period - Stopped by Kari Lehtonen with a rebound.
11:21 of 3rd period - Snap shot by Andreas Athanasiou.
11:21 of 3rd period - Bruins goal is going for a video replay.
11:21 of 3rd period - The goal is refused. The puck has been directed, batted or thrown into the net by an attacking player other than with a stick..
11:22 of 3rd period - Jack Eichel wins face-off versus Jonathan Toews in Predators zone.
11:26 of 3rd period - Off-side.
11:27 of 3rd period - Zack Kassian wins face-off versus Jack Eichel in neutral zone.
11:29 of 3rd period - Minor Penalty to Jonathan Toews for Roughing.
11:30 of 3rd period - Andy Miele wins face-off versus Zack Kassian in Bruins zone.
11:48 of 3rd period - Minor Penalty to Andy Miele for Slashing.
11:49 of 3rd period - Zack Kassian wins face-off versus Mikael Granlund in Predators zone.
13:29 of 3rd period - Penalty to Jonathan Toews is over, Jonathan Toews is back on ice.
13:48 of 3rd period - Penalty to Andy Miele is over, Andy Miele is back on ice.
13:55 of 3rd period - Slapshot by Jason Demers.
13:55 of 3rd period - Shot Misses the Net.
13:57 of 3rd period - Snap shot by Jason Demers.
13:57 of 3rd period - Shot Blocked by Andy Miele.
13:59 of 3rd period - Wrist shot by Jonathan Toews.
13:59 of 3rd period - Stopped by Kari Lehtonen with a rebound.
14:01 of 3rd period - Slapshot by Brendan Smith.
14:01 of 3rd period - Stopped by Kari Lehtonen without a rebound.
14:02 of 3rd period - Matt Stajan wins face-off versus Kevin Hayes in Predators zone.
14:02 of 3rd period - Matt Stajan is hit by Victor Oreskovich.
14:28 of 3rd period - Nate Schmidt is hit by Zack Kassian and loses puck.
15:01 of 3rd period - Minor Penalty to Matt Read for Interference.
15:02 of 3rd period - Andy Miele wins face-off versus Zack Kassian in Bruins zone.
15:09 of 3rd period - Wrist shot by Alexander Ovechkin.
15:09 of 3rd period - Deflect By Andy Miele.
15:09 of 3rd period - Shot Hit the Post.
15:09 of 3rd period - Puck is out of play.
15:10 of 3rd period - Zack Kassian wins face-off versus Andy Miele in Bruins zone.
15:15 of 3rd period - Slapshot by Jason Demers.
15:15 of 3rd period - Stopped by Kari Lehtonen with a rebound.
17:01 of 3rd period - Penalty to Matt Read is over, Matt Read is back on ice.
17:19 of 3rd period - Slapshot by Victor Oreskovich.
17:19 of 3rd period - Stopped by Kari Lehtonen without a rebound.
17:20 of 3rd period - Scott Laughton wins face-off versus Kevin Hayes in Predators zone.
17:25 of 3rd period - Slapshot by Ryan Mcdonagh.
17:25 of 3rd period - Stopped by Kevin Poulin without a rebound.
17:26 of 3rd period - Matt Stajan wins face-off versus Casey Cizikas in Bruins zone.
17:51 of 3rd period - Wrist shot by Jonathan Toews.
17:51 of 3rd period - Stopped by Kari Lehtonen without a rebound.
17:52 of 3rd period - Jonathan Toews wins face-off versus Scott Laughton in Predators zone.
17:59 of 3rd period - Jonathan Toews is hit by Scott Laughton and loses puck.
18:16 of 3rd period - Justin Faulk is hit by Jonathan Toews.
18:28 of 3rd period - Wrist shot by Wojtek Wolski.
18:28 of 3rd period - Stopped by Kari Lehtonen with a rebound.
18:30 of 3rd period - Snap shot by Brendan Smith.
18:30 of 3rd period - Shot Blocked by Mark Pysyk.
18:32 of 3rd period - Snap shot by Brendan Smith.
18:32 of 3rd period - Shot Misses the Net.
19:02 of 3rd period - Icing by Brendan Smith.
19:03 of 3rd period - Matt Stajan wins face-off versus Jonathan Toews in Bruins zone.
19:22 of 3rd period - Snap shot by Zack Kassian.
19:22 of 3rd period - Stopped by Kari Lehtonen with a rebound.
19:34 of 3rd period - Slapshot by Wojtek Wolski.
19:34 of 3rd period - Stopped by Kari Lehtonen with a rebound.
19:36 of 3rd period - Slapshot by Zack Kassian.
19:36 of 3rd period - Goal by Zack Kassian - Predators : 3 - Bruins : 2.
19:37 of 3rd period - Andy Miele wins face-off versus Zach Parise in neutral zone.
19:48 of 3rd period - Bruins, Kevin Poulin is pulled from the net.
19:52 of 3rd period - Slapshot by Mikael Backlund.
19:52 of 3rd period - Shot Misses the Net.
19:54 of 3rd period - Backhand shot by Casey Cizikas.
19:54 of 3rd period - Shot Misses the Net.
19:56 of 3rd period - Snap shot by Adam Pelech.
19:56 of 3rd period - Shot Misses the Net.
Goals for this period are 3 for Predators vs 1 for Bruins.
Shots for this period are 13 for Predators vs 18 for Bruins.